 Dungeon Crawl Stone Soup version 0.21.1-1-g345015f (webtiles) character file.

100 teukkam the Ruffian (level 4, -2/45 HPs)
             Began as a Troll Monk on June 14, 2018.
             Killed from afar by an orc wizard (9 damage)
             ... with a magic dart
             ... on level 5 of the Dungeon.
             The game lasted 00:02:51 (493 turns).

teukkam the Ruffian (Troll Monk)                     Turns: 493, Time: 00:02:51

Health: -2/45      AC:  6    Str: 20    XL:     4   Next: 47%
Magic:  3/3        EV: 10    Int: 11    God:
Gold:   121        SH:  0    Dex: 12    Spells: 3/3 levels left

rFire    . . .     SeeInvis .     - Unarmed
rCold    . . .     Gourm    +   (no shield)
rNeg     . . .     Faith    .   a - +1 robe
rPois    .         Spirit   .   (helmet restricted)
rElec    .         Reflect  .   (no cloak)
rCorr    .         Harm     +   (gloves unavailable)
MR       .....                  (boots unavailable)
Stlth    ++........             c - amulet of harm
HPRegen  0.55/turn              (no ring)
MPRegen  0.08/turn              (no ring)

@: brilliant
A: large, unfitting armour, claws 3, fast metabolism 3, gourmand, regeneration
1, shaggy fur 1, tough skin 2
a: no special abilities


You were on level 5 of the Dungeon.
You were full.

You visited 1 branch of the dungeon, and saw 5 of its levels.

You collected 121 gold pieces.

Inventory:

Armour
 a - a +1 robe (worn)
Jewellery
 c - an amulet of harm (around neck)
Wands
 f - a wand of disintegration (17)
Potions
 e - a potion of agility {unknown}
Comestibles
 b - 4 rations


   Skills:
 + Level 3.5 Fighting
 - Level 2.4 Dodging
 - Level 1.0 Stealth
 + Level 4.3 Unarmed Combat


You had 3 spell levels left.
You didn't know any spells.

Dungeon Overview and Level Annotations

Branches:
Dungeon (5/15)
 Temple: D:4-7

Altars:
Elyvilon

Annotations:
D:4 Edmund


Innate Abilities, Weirdness & Mutations

You are too large for most types of armour.
You have claws for hands.
Your metabolism is lightning-fast.
You like to eat raw meat.
Your natural rate of healing is unusually fast.
You are covered in fur. (AC +1)
You have very tough skin. (AC +2)


Message History

You closely miss the orc wizard.
The orc wizard gestures at you while chanting.
The magic dart hits you! The iguana bites you!
You claw the iguana!
You kill the iguana!
The orc wizard hits you with a dagger.
The orc wizard hits you but does no damage.
You scratch the orc wizard.
The orc wizard is moderately wounded.
The orc wizard points at you and mumbles some strange words.
The magic dart hits you!
* * * LOW HITPOINT WARNING * * *
You scratch the orc wizard.
The orc wizard is moderately wounded.
The orc wizard hits you but does no damage. x2
It was a potion of brilliance.
You feel clever all of a sudden.
The orc wizard points at you and mumbles some strange words.
The magic dart hits you!
You die...

## # . ..# #. ##.
.###.. #... ##. #..
#...... ...##..##.
####o..# #
#..#.#...##..@†#
#.##.....##...###.<.#
##......#....### ###
......#...######.#
.##..............#
..........########
....####..## ..#
##..## ..#
#...#########


You could see an orc wizard.

Vanquished Creatures
  An iguana (D:5)
  An orc wizard (D:5)
  The ghost of zuik the Cudgeler, a weakling MiBe of Trog (D:3)
  A hound skeleton (D:5)
  An adder (D:3)
  2 leopard geckos
  2 giant cockroaches
  A goblin (D:2)
  5 jackals
  A frilled lizard (D:2)
  2 kobolds (D:2)
  4 rats (D:2)
22 creatures vanquished.

Notes
Turn   | Place    | Note
-------+----------+-------------------------------------------
     0 | D:1      | teukkam the Troll Monk began the quest for the Orb.
     0 | D:1      | Reached XP level 1. HP: 22/22 MP: 0/0
    75 | D:3      | Noticed zuik's ghost (weakling MiBe)
   184 | D:4      | Noticed Edmund
   186 | D:4      | Reached XP level 2. HP: 29/29 MP: 1/1
   261 | D:3      | Found a white marble altar of Elyvilon.
   362 | D:3      | Killed zuik's ghost
   362 | D:3      | Reached XP level 3. HP: 37/37 MP: 2/2
   419 | D:5      | Entered Level 5 of the Dungeon
   480 | D:5      | Reached skill level 4 in Unarmed Combat
   485 | D:5      | Reached XP level 4. HP: 45/45 MP: 3/3
   493 | D:5      | Killed from afar by an orc wizard

Skill      XL: |  1  2  3 |
---------------+----------+-----
Fighting       | 3 |  3.5
Unarmed Combat | 4 |  4.3
Dodging        | |  2.4
Stealth        | |  1.0

Action                   |  1- 3 |  4- 6 || total
-------------------------+-------+-------++-------
Melee: Unarmed           |    56 |     6 ||    62
  Use: Scroll            |     3 |       ||     3
       Potion            |       |     1 ||     1
 Stab: Sleeping          |     3 |       ||     3
  Eat: Chunk             |     7 |       ||     7
Armor: Robe              |    20 |     2 ||    22
Dodge: Dodged            |    26 |     2 ||    28
